[Event "ICC tourney 2021 (75 10)"]
[Site "Internet Chess Club"]
[Date "2020.09.26"]
[Round "1"]
[White "Liopleuradon15"]
[Black "iszerencsy"]
[Result "1-0"]
[ICCResult "Black resigns"]
[WhiteElo "1524"]
[BlackElo "1251"]
[Opening "QGD: Ragozin variation"]
[ECO "D38"]
[NIC "NI.27"]
[Time "13:08:49"]
[TimeControl "4500+10"]

1. Nf3 d5 2. d4 e6 3. c4 Nf6 4. Nc3 Bb4 5. Bg5 h6 6. Bh4 g5 7. Bg3 Nc6 8. a3
Bxc3+ 9. bxc3 dxc4 10. Ne5 Nxe5 11. Bxe5 b5 12. a4 c6 13. axb5 cxb5 14. e3
Bb7 15. Qb1 Bc6 16. Ra6 Bd7 17. Qa2 Bc8 18. Rxa7 Rxa7 19. Qxa7 Qe7 20. Qb8
Qd8 21. Bxf6 Qxf6 22. Qxc8+ Qd8 23. Qxd8+ Kxd8 24. Be2 Kc7 25. Bf3 Rb8 26.
Kd2 Kd6 27. Rb1 f5 28. h3 e5 29. dxe5+ Kxe5 30. Bc6 Kd6 31. Rxb5 Rd8 32.
Rd5+ {Black resigns} 1-0

[Event "ICC tourney 2021 (75 10)"]
[Site "Internet Chess Club"]
[Date "2020.09.26"]
[Round "1"]
[White "siddharthr"]
[Black "wulovechess"]
[Result "1-0"]
[ICCResult "Black checkmated"]
[WhiteElo "1683"]
[BlackElo "1393"]
[Opening "QGD: exchange, positional line"]
[ECO "D35"]
[NIC "QO.16"]
[Time "13:09:40"]
[TimeControl "4500+10"]

1. d4 d5 2. c4 e6 3. Nc3 Nf6 4. cxd5 exd5 5. Bg5 Be7 6. e3 O-O 7. Bd3 Be6 8.
Nge2 Nbd7 9. O-O c5 10. dxc5 Bxc5 11. e4 Ne5 12. exd5 Bxd5 13. Bxf6 gxf6 14.
Nxd5 Qxd5 15. Bxh7+ Kxh7 16. Qxd5 b6 17. Qe4+ Kg7 18. Nf4 Rh8 19. Nh5+ Kh6
20. Nxf6 Ng6 21. Ng4+ Kg7 22. Ne3 Rae8 23. Nf5+ Kh7 24. Qd5 Kg8 25. Nd6 Re6
26. Ne4 Re5 27. Qb7 Re7 28. Qc8+ Kg7 29. Qf5 Re6 30. Nxc5 Re5 31. Qd7 Rxc5
32. Rac1 Rhc8 33. Rxc5 Rxc5 34. Qxa7 Ra5 35. Qxb6 Rxa2 36. Qc5 f6 37. Qc7+
Kh6 38. b4 Rb2 39. Qc1+ Kg7 40. Qxb2 Ne5 41. Qxe5 fxe5 42. Re1 Kf7 43. Rxe5
Kf6 44. Rc5 Ke6 45. h4 Kd6 46. h5 Ke7 47. h6 Kf7 48. b5 Ke8 49. b6 Kd7 50.
b7 Kd8 51. b8=Q+ Kd7 52. Qc8+ Ke7 53. Qb7+ Kf6 54. Qb6+ Kf7 55. Rc7+ Kg8 56.
Qb8# {Black checkmated} 1-0

[Event "ICC tourney 2021 (75 10)"]
[Site "Internet Chess Club"]
[Date "2020.09.26"]
[Round "1"]
[White "WizardY"]
[Black "wildrumpus"]
[Result "1-0"]
[ICCResult "Black resigns"]
[WhiteElo "1212"]
[BlackElo "1417"]
[Opening "Caro-Kann: advance variation"]
[ECO "B12"]
[NIC "CK.04"]
[Time "13:08:50"]
[TimeControl "4500+10"]

1. e4 c6 2. d4 d5 3. e5 Bf5 4. Nf3 e6 5. Bd3 Bxd3 6. Qxd3 Qa5+ 7. Bd2 Qa6 8.
Qxa6 Nxa6 9. O-O Ne7 10. Nc3 Nf5 11. g4 Nh6 12. Bxh6 gxh6 13. Kh1 Rg8 14. h3
Nb4 15. a3 Nxc2 16. Ra2 c5 17. dxc5 Bxc5 18. Nb5 d4 19. Nc7+ Ke7 20. Nxa8
Rxa8 21. b4 Bxb4 22. Rxc2 Bc3 23. Rd1 Rd8 24. Rd3 Rd5 25. Re2 f6 26. exf6+
Kxf6 27. Nd2 Ra5 28. Ne4+ Ke7 29. Nxc3 dxc3 30. Rxc3 {Black resigns} 1-0

[Event "ICC tourney 2021 (75 10)"]
[Site "Internet Chess Club"]
[Date "2020.09.26"]
[Round "1"]
[White "aakashjr"]
[Black "FlowingMelody"]
[Result "1-0"]
[ICCResult "Black checkmated"]
[WhiteElo "1525"]
[BlackElo "1264"]
[Opening "Giuoco Piano: Möller (Therkatz) attack"]
[ECO "C54"]
[NIC "IG.02"]
[Time "13:08:49"]
[TimeControl "4500+10"]

1. e4 e5 2. Nf3 Nc6 3. Bc4 Bc5 4. c3 Nf6 5. d4 exd4 6. cxd4 Bb4+ 7. Nc3 Nxe4
8. O-O Bxc3 9. d5 Bf6 10. Re1 Ne7 11. Rxe4 d6 12. Bg5 Bxg5 13. Nxg5 h6 14.
Bb5+ Bd7 15. Bxd7+ Qxd7 16. Qe2 hxg5 17. Re1 Kf8 18. Rxe7 Qd8 19. Qe3 Rh5
20. Qf3 Qxe7 21. Rxe7 Kxe7 22. Qxh5 f6 23. Qe2+ Kf7 24. Qb5 Re8 25. Kf1 b6
26. Qa6 Re7 27. Qxa7 Kg6 28. Qa6 Kf7 29. b4 Re4 30. Qb7 Rc4 31. a4 Rxb4 32.
Qxc7+ Kg8 33. Qxd6 Rxa4 34. Qxb6 Ra1+ 35. Ke2 Ra2+ 36. Kd3 Ra3+ 37. Kc2 Ra2+
38. Kb1 Rd2 39. Qe6+ Kh7 40. d6 Rxf2 41. d7 Rd2 42. Qe8 Rxd7 43. Qxd7 Kg6
44. Kc2 f5 45. Qe6+ Kh7 46. Qxf5+ Kh6 47. Qh3+ Kg6 48. Qg4 Kf6 49. h4 gxh4
50. Qxh4+ g5 51. Qh6+ Kf5 52. Qf8+ Kg4 53. Qf3+ Kh4 54. Qh3# {Black
checkmated} 1-0

[Event "ICC tourney 2021 (75 10)"]
[Site "Internet Chess Club"]
[Date "2020.09.26"]
[Round "1"]
[White "GiganticCell"]
[Black "VirginiaGuy"]
[Result "1/2-1/2"]
[ICCResult "Game drawn by repetition"]
[WhiteElo "1305"]
[BlackElo "1510"]
[Opening "Four knights: Spanish variation"]
[ECO "C48"]
[NIC "KP.03"]
[Time "13:08:48"]
[TimeControl "4500+10"]

1. e4 e5 2. Nf3 Nf6 3. Nc3 Nc6 4. Bb5 d6 5. d4 exd4 6. Nxd4 Bd7 7. O-O Be7
8. Re1 O-O 9. Bc4 Ne5 10. Bb3 Bg4 11. f3 Bc8 12. h3 Nfd7 13. Bf4 Nc5 14. Bg3
Nxb3 15. axb3 a6 16. b4 Bd7 17. b5 axb5 18. Rxa8 Qxa8 19. Ndxb5 Qa5 20. Nd5
Bd8 21. Nbc3 c6 22. Ne3 Qc7 23. f4 Ng6 24. Nc4 Bh4 25. Bxh4 Nxh4 26. Nxd6
Bc8 27. e5 Rd8 28. Qh5 Qb6+ 29. Kh1 Qf2 30. Qxf7+ Kh8 31. Rg1 Bxh3 32. gxh3
Qf3+ 33. Kh2 Qf2+ 34. Kh1 Qf3+ 35. Kh2 Qf2+ 36. Kh1 Qf3+ 37. Kh2 Qf2+ 38.
Kh1 Qf3+ {Game drawn by repetition} 1/2-1/2

[Event "ICC tourney 2021 (75 10)"]
[Site "Internet Chess Club"]
[Date "2020.09.26"]
[Round "1"]
[White "MehPlayer"]
[Black "TyTy2000"]
[Result "1/2-1/2"]
[ICCResult "Game drawn by mutual agreement"]
[WhiteElo "1601"]
[BlackElo "1390"]
[Opening "French: Tarrasch, open variation, main line"]
[ECO "C09"]
[NIC "FR.22"]
[Time "13:08:47"]
[TimeControl "4500+10"]

1. e4 e6 2. d4 d5 3. Nd2 c5 4. Ngf3 Nc6 5. exd5 exd5 6. Bb5 a6 7. Bxc6+ bxc6
8. O-O cxd4 9. Nxd4 c5 10. Re1+ Be7 11. Nc6 Qc7 12. Nxe7 Nxe7 13. Nf3 O-O
14. Bg5 f6 15. Bh4 Bb7 16. Bg3 Qd7 17. c3 Nf5 18. Qc2 Nxg3 19. hxg3 Rfe8 20.
Qb3 Qb5 21. Qc2 Rxe1+ 22. Rxe1 Re8 23. b3 Rxe1+ 24. Nxe1 Qe8 25. Qd2 Qe4 26.
Nd3 d4 27. f3 dxc3 28. Qxc3 Qe3+ 29. Kh2 {Game drawn by mutual agreement}
1/2-1/2

[Event "ICC tourney 2021 (75 10)"]
[Site "Internet Chess Club"]
[Date "2020.09.26"]
[Round "1"]
[White "kgeisenman32"]
[Black "QueenHM"]
[Result "1-0"]
[ICCResult "Black checkmated"]
[WhiteElo "1423"]
[BlackElo "1589"]
[Opening "King's Indian: London system"]
[ECO "A48"]
[NIC "QP.03"]
[Time "13:09:40"]
[TimeControl "4500+10"]

1. d4 Nf6 2. Nf3 g6 3. Bf4 Bg7 4. e3 O-O 5. c4 c5 6. Nc3 cxd4 7. exd4 d6 8.
Be2 Nc6 9. O-O Bg4 10. h3 Bxf3 11. Bxf3 Rc8 12. Rc1 Qb6 13. d5 Nd4 14. b3
Nxf3+ 15. Qxf3 Nh5 16. Bg5 Rfe8 17. Ne4 Qd8 18. g4 Nf6 19. Ng3 h6 20. Be3 g5
21. Nf5 Bf8 22. h4 e6 23. Nxh6+ Bxh6 24. hxg5 Bg7 25. gxf6 Qxf6 26. Qf4 exd5
27. cxd5 Rxc1 28. Rxc1 Qb2 29. Qa4 Rxe3 30. Rc8+ Bf8 31. fxe3 Qe2 32. Qf4
Qe1+ 33. Kg2 Qe2+ 34. Kg3 Qe1+ 35. Qf2 Qa1 36. Re8 a5 37. Rb8 Qe5+ 38. Qf4
Qa1 39. Qg5+ Qg7 40. Qxg7+ Kxg7 41. Rxb7 Kf6 42. Kf3 Bh6 43. Rb5 a4 44. bxa4
Ke5 45. a5 f5 46. gxf5 Kxf5 47. a6 Ke5 48. a7 Bg5 49. a8=Q Bf6 50. Qe8+ Kf5
51. Qe6+ Kg6 52. Qxd6 Kg5 53. Qxf6+ Kxf6 54. a4 Ke5 55. e4 Kd6 56. a5 Kc7
57. a6 Kc8 58. a7 Kc7 59. a8=Q Kd6 60. Kf4 Ke7 61. Qc6 Kf7 62. Rb7+ Kf8 63.
Qc8# {Black checkmated} 1-0

[Event "ICC tourney 2021 (75 10)"]
[Site "Internet Chess Club"]
[Date "2020.09.26"]
[Round "1"]
[White "erickh32"]
[Black "kween26"]
[Result "1-0"]
[ICCResult "Black resigns"]
[WhiteElo "1536"]
[BlackElo "1242"]
[Opening "Ruy Lopez: old Steinitz defense"]
[ECO "C62"]
[NIC "RL.02"]
[Time "13:09:02"]
[TimeControl "4500+10"]

1. e4 e5 2. Nf3 Nc6 3. Bb5 d6 4. Qe2 g6 5. d3 Bg4 6. Be3 Bg7 7. h3 Bxf3 8.
Qxf3 Ne7 9. Nc3 O-O 10. O-O-O a6 11. Ba4 Nd4 12. Bxd4 exd4 13. Ne2 b5 14.
Bb3 c5 15. Kb1 Rc8 16. Nf4 Nc6 17. Bd5 Ne5 18. Qe2 Qb6 19. h4 b4 20. h5 g5
21. h6 Bf6 22. Nh5 Be7 23. Rh3 g4 24. Rg3 Rfd8 25. Rxg4+ Nxg4 26. Qxg4+ Kf8
27. Qg7+ Ke8 28. Qxf7+ Kd7 29. Nf6+ Kc7 30. Qxe7+ Kb8 31. Nd7+ Rxd7 32. Qxd7
{Black resigns}
1-0

[Event "ICC tourney 2021 (75 10)"]
[Site "Internet Chess Club"]
[Date "2020.09.26"]
[Round "1"]
[White "keshavarzip"]
[Black "Cougar2020"]
[Result "1/2-1/2"]
[ICCResult "Game drawn by mutual agreement"]
[WhiteElo "1462"]
[BlackElo "1206"]
[Opening "French: exchange variation"]
[ECO "C01"]
[NIC "FR.01"]
[Time "13:09:00"]
[TimeControl "4500+10"]

1. e4 e6 2. d4 d5 3. exd5 exd5 4. Nf3 Nf6 5. Bg5 Be6 6. Bd3 Bd6 7. O-O Nbd7
8. Re1 O-O 9. Ne5 Be7 10. Nc3 c6 11. a3 Re8 12. b4 a6 13. Ne2 h6 14. Bd2 Bd6
15. Nf4 Qc7 16. Nxe6 Rxe6 17. f4 Ne4 18. f5 Re7 19. Bxe4 dxe4 20. Qg4 Nf6
21. Qg3 Bxe5 22. dxe5 Qxe5 23. Bf4 Qd4+ 24. Kh1 Nh5 25. Qh4 Nf6 26. Rad1 Qc3
27. Rd6 g5 28. Bxg5 hxg5 29. Qxg5+ Kf8 30. Red1 Nh7
{Game drawn by mutual agreement}
1/2-1/2

[Event "ICC tourney 2021 (75 10)"]
[Site "Internet Chess Club"]
[Date "2020.09.26"]
[Round "1"]
[White "messyblaster"]
[Black "AdityaBang"]
[Result "1-0"]
[ICCResult "Black resigns"]
[WhiteElo "1610"]
[BlackElo "1363"]
[Opening "QGD Slav defense"]
[ECO "D10"]
[NIC "SL.01"]
[Time "13:08:47"]
[TimeControl "4500+10"]

1. d4 d5 2. c4 c6 3. Nc3 Nf6 4. Bf4 e6 5. Nf3 Nbd7 6. e3 Be7 7. Bd3 O-O 8.
O-O a6 9. Rc1 dxc4 10. Bxc4 b5 11. Bd3 c5 12. Ne4 c4 13. Bb1 Bb7 14. Nd6
Bxd6 15. Bxd6 Re8 16. b3 Qb6 17. Bg3 Rac8 18. bxc4 Rxc4 19. Rxc4 bxc4 20.
Ne5 Nxe5 21. Bxe5 Nd7 22. Qc2 f5 23. Qxc4 Nxe5 24. dxe5 Rc8 25. Qd4 Qc6 26.
f3 a5 27. Qd6 Qe8 28. Qb6 Bc6 29. Qxa5 Bb5 30. Rd1 Ba4 31. Rd4 Bb5 32. Kf2
h6 33. Qb6 Kh7 34. g4 Rc1 35. Rb4 Bc6 36. gxf5 Qh5 37. f6+ Rxb1 38. Rxb1
Qxh2+ 39. Ke1 Bxf3 40. Qb2 Qg1+ 41. Kd2 Qf2+ 42. Kd3 Qh4 43. Qd4 Bg4 44. f7
Bf5+ 45. e4 Qg3+ 46. Kc4 Bg4 47. f8=Q Be2+ 48. Kb4 Bd3 49. Rg1 {Black
resigns} 1-0

[Event "ICC tourney 2021 (75 10)"]
[Site "Internet Chess Club"]
[Date "2020.09.26"]
[Round "1"]
[White "beibeiolivia"]
[Black "cayo89"]
[Result "0-1"]
[ICCResult "White checkmated"]
[WhiteElo "1248"]
[BlackElo "1505"]
[Opening "Pirc defense"]
[ECO "B07"]
[NIC "PU.08"]
[Time "13:12:56"]
[TimeControl "4500+10"]

1. e4 d6 2. d4 Nf6 3. Nc3 e5 4. dxe5 dxe5 5. Qxd8+ Kxd8 6. Nf3 Bd6 7. Bc4
Be6 8. Bxe6 fxe6 9. O-O a6 10. Rd1 Nbd7 11. Be3 Ke7 12. Nd2 b5 13. a4 c6 14.
f3 h6 15. Nb3 b4 16. Ne2 a5 17. Rd2 c5 18. Rad1 Ra6 19. c3 c4 20. Nbc1 b3
21. Ng3 Rc8 22. Nce2 g5 23. Nf1 Bc5 24. Kf2 Bxe3+ 25. Nxe3 Rac6 26. h3 h5
27. Ng3 R8c7 28. Ngf1 Nb6 29. Ra1 Rd7 30. Rxd7+ Nfxd7 31. Ng3 h4 32. Ngf1
Nc5 33. Ke2 Nd3 34. Nd1 Rd6 35. Nfe3 Nf4+ 36. Ke1 Rd3 37. Ra3 Kd6 38. Ra1
Kc5 39. Ra3 Rxe3+ 40. Nxe3 Nd3+ 41. Kd2 Nxb2 42. Nd1 Nd3 43. Ne3 Nb2 44. Nd1
N2xa4 45. Rxa4 Nxa4 46. Kc1 Nb6 47. Kb2 Na4+ 48. Kc1 Kb5 49. Kb1 Nc5 50. Ne3
Nd3 51. Nd1 a4 52. Nb2 Ne1 53. Nd1 Nxg2 54. Kb2 Ne1 55. Ka3 Nxf3 56. Nb2 g4
57. hxg4 h3 58. g5 Nxg5 59. Nd1 Nxe4 60. Ne3 h2 61. Ng4 h1=Q 62. Nh2 Qa1#
{White checkmated}
0-1

[Event "ICC tourney 2021 (75 10)"]
[Site "Internet Chess Club"]
[Date "2020.09.26"]
[Round "1"]
[White "Electryon"]
[Black "RachanaB"]
[Result "1-0"]
[ICCResult "Black resigns"]
[WhiteElo "1402"]
[BlackElo "1578"]
[Opening "Queen's pawn: London system"]
[ECO "A45"]
[NIC "QP.07"]
[Time "13:08:51"]
[TimeControl "4500+10"]

1. d4 Nf6 2. Bf4 g6 3. c3 Bg7 4. e3 O-O 5. Nd2 d6 6. Ngf3 Ne8 7. Bc4 Nc6 8.
O-O e5 9. dxe5 dxe5 10. Bg5 Nf6 11. Qc2 h6 12. Bh4 Bf5 13. e4 Bd7 14. Rad1
g5 15. Bg3 Qe7 16. h3 Nh5 17. Bh2 Nf4 18. Ne1 Nxh3+ 19. gxh3 Bxh3 20. Ng2
Qd7 21. f3 Ne7 22. Rf2 Kh8 23. Nf1 Qc6 24. Qb3 f5 25. exf5 Nxf5 26. Bd5 Qf6
27. Ng3 Nh4 28. Nxh4 gxh4 29. Ne4 Qg6+ 30. Kh1 c6 31. Rg1 Qh5 32. Qxb7
{Black resigns}
1-0

[Event "ICC tourney 2021 (75 10)"]
[Site "Internet Chess Club"]
[Date "2020.09.26"]
[Round "1"]
[White "handsomematch"]
[Black "bbrockva"]
[Result "0-1"]
[ICCResult "White resigns"]
[WhiteElo "1209"]
[BlackElo "1490"]
[Opening "Sicilian: Taimanov variation"]
[ECO "B48"]
[NIC "SI.40"]
[Time "13:08:49"]
[TimeControl "4500+10"]

1. e4 c5 2. Nf3 e6 3. d4 cxd4 4. Nxd4 Nc6 5. Nc3 Qc7 6. Be3 a6 7. f3 Nf6 8.
Qd2 b5 9. Bd3 Be7 10. g4 O-O 11. O-O-O Bb7 12. h4 Rac8 13. h5 Nxd4 14. Bxd4
b4 15. Ne2 e5 16. Be3 Rfd8 17. g5 Ne8 18. g6 d5 19. exd5 Rxd5 20. gxh7+ Kh8
21. Rdg1 Bc6 22. Bh6 Bf6 23. Qxb4 Rd6 24. Qg4 Rxd3 25. cxd3 Bxf3+ 26. Qc4
Qxc4+ 27. dxc4 Bxh1 28. Bxg7+ Bxg7 29. Rxh1 Rxc4+ 30. Kb1 Kxh7 31. b3 Rg4
32. Rd1 f5 33. Rd5 f4 34. Ra5 f3 {White resigns} 0-1

[Event "ICC tourney 2021 (75 10)"]
[Site "Internet Chess Club"]
[Date "2020.09.26"]
[Round "1"]
[White "doudou2011"]
[Black "shrey16ultimate"]
[Result "1/2-1/2"]
[ICCResult "Game drawn because neither player has mating material"]
[WhiteElo "1394"]
[BlackElo "1609"]
[Opening "Queen's pawn game, Darooha variation "]
[ECO "D02"]
[NIC "QP.06"]
[Time "13:08:48"]
[TimeControl "4500+10"]

1. d4 Nf6 2. Nf3 d5 3. g3 Bf5 4. Bg2 e6 5. c4 c6 6. Qb3 Qc8 7. O-O Bd6 8.
Nc3 Nbd7 9. Re1 O-O 10. Nd2 c5 11. Nb5 Qc6 12. Nxd6 Qxd6 13. cxd5 Nxd5 14.
e4 cxd4 15. exf5 Nc5 16. Qa3 Rae8 17. Nb3 b6 18. Nxd4 exf5 19. Bd2 Nc7 20.
Bc3 Qg6 21. Qxa7 N5a6 22. Rxe8 Rxe8 23. Bf1 Ra8 24. Qb7 Rb8 25. Qf3 f6 26.
Nc6 Re8 27. Rd1 Nc5 28. Rd8 Qf7 29. Rxe8+ Nxe8 30. Qf4 Qd7 31. Nd4 Nd6 32.
Bg2 g5 33. Qe3 Nde4 34. Bb4 Qa4 35. Bxc5 Nxc5 36. Nxf5 Qd1+ 37. Bf1 Qd7 38.
Bc4+ Kf8 39. Nd4 b5 40. Ne6+ Nxe6 41. Qxe6 Qd1+ 42. Kg2 bxc4 43. Qxc4 Qd7
44. Qc5+ Kg7 45. b4 Qb7+ 46. Kg1 g4 47. a4 Qd7 48. Qc2 Qd4 49. b5 Qd8 50.
Qe2 h5 51. Qc2 Qa5 52. Qd1 Qa7 53. Qb3 Qe7 54. Qe3 Qb4 55. b6 Qxa4 56. b7
Qd1+ 57. Kg2 Qd5+ 58. f3 Qxb7 59. Qc3 gxf3+ 60. Qxf3 Qxf3+ 61. Kxf3 f5 62.
Ke3 Kf7 63. Kf4 Kg6 64. h3 h4 65. g4 fxg4 66. Kxg4 Kg7 67. Kg5 Kh7 68. Kf5
Kg7 69. Kg5 Kh7 70. Kxh4 Kh8 71. Kg4 Kh7 72. Kh5 Kh8 73. Kg6 Kg8 74. h4 Kh8
75. h5 Kg8 76. h6 Kh8 77. Kf7 Kh7 78. Kf6 Kxh6
{Game drawn because neither player has mating material}
1/2-1/2

[Event "ICC tourney 2021 (75 10)"]
[Site "Internet Chess Club"]
[Date "2020.09.26"]
[Round "2"]
[White "iszerencsy"]
[Black "AdityaBang"]
[Result "0-1"]
[ICCResult "White checkmated"]
[WhiteElo "1228"]
[BlackElo "1365"]
[Opening "Giuoco Piano"]
[ECO "C54"]
[NIC "IG.02"]
[Time "16:35:03"]
[TimeControl "4500+10"]

1. e4 e5 2. Nf3 Nc6 3. Bc4 Bc5 4. c3 Nf6 5. d3 h6 6. Nbd2 O-O 7. h3 d5 8.
exd5 Nxd5 9. Ne4 Bb6 10. b4 Bf5 11. Bxd5 Qxd5 12. c4 Qd7 13. c5 Nxb4 14.
cxb6 Nxd3+ 15. Kf1 Bxe4 16. bxc7 Qxc7 17. Ba3 Rfd8 18. Nd2 Nf4 19. f3 Bd3+
20. Kg1 Ne2+ 21. Kf2 Qb6+ 22. Ke1 Nc3 23. Nc4 Bxc4 24. Qxd8+ Rxd8 25. Bc5
Qb2 26. Bb6 Qe2# {White checkmated} 0-1

[Event "ICC tourney 2021 (75 10)"]
[Site "Internet Chess Club"]
[Date "2020.09.26"]
[Round "2"]
[White "wulovechess"]
[Black "kween26"]
[Result "1-0"]
[ICCResult "Black checkmated"]
[WhiteElo "1403"]
[BlackElo "1234"]
[Opening "Two knights defense"]
[ECO "C55"]
[NIC "IG.01"]
[Time "16:35:10"]
[TimeControl "4500+10"]

1. e4 e5 2. Nf3 Nc6 3. Bc4 Nf6 4. O-O Bc5 5. d4 Bxd4 6. Nxd4 Nxd4 7. Be3 Nc6
8. Nc3 O-O 9. Qd2 d6 10. f3 h6 11. Nd5 Be6 12. Rad1 Nxd5 13. exd5 Bd7 14.
dxc6 Bxc6 15. Qd3 Qd7 16. h3 Rad8 17. Bd5 Bb5 18. c4 Bc6 19. Bxc6 Qxc6 20.
Qd5 Qd7 21. Qxb7 a5 22. c5 Rb8 23. Qe4 Rxb2 24. cxd6 cxd6 25. Qxe5 Re8 26.
Qxb2 Rxe3 27. Qb8+ Kh7 28. Qxd6 Qa7 29. Qd4 Qe7 30. Qd7 Qc5 31. Rd5 Qb6 32.
Qb5 Qa7 33. Qxa5 Qe7 34. a4 Ra3 35. Re1 Qh4 36. Rdd1 Rxa4 37. Qf5+ Kg8 38.
Re8# {Black checkmated} 1-0

[Event "ICC tourney 2021 (75 10)"]
[Site "Internet Chess Club"]
[Date "2020.09.26"]
[Round "2"]
[White "RachanaB"]
[Black "beibeiolivia"]
[Result "0-1"]
[ICCResult "White checkmated"]
[WhiteElo "1559"]
[BlackElo "1293"]
[Opening "Ruy Lopez: 5.O-O"]
[ECO "C78"]
[NIC "RL.12"]
[Time "16:35:07"]
[TimeControl "4500+10"]

1. e4 e5 2. Nf3 Nc6 3. Bb5 a6 4. Ba4 Nf6 5. O-O b5 6. Bb3 Bc5 7. d3 d6 8. h3
Ne7 9. c3 Bb6 10. Re1 Ng6 11. d4 O-O 12. Nbd2 Re8 13. Bc2 Bb7 14. d5 Qd7 15.
Nf1 c6 16. dxc6 Bxc6 17. Ng3 Rad8 18. Bg5 Qa7 19. Qe2 Rc8 20. Bxf6 gxf6 21.
Nf5 Bd7 22. Nxd6 Nf4 23. Qd2 Kg7 24. Nxe8+ Rxe8 25. Bb3 Rg8 26. Rad1 Bc8 27.
Nh4 Kh8 28. Kf1 Nxg2 29. Nxg2 Bxh3 30. Rb1 Rxg2 31. Re2 Rxf2+ 32. Ke1 Rf1#
{White checkmated}
0-1

[Event "ICC tourney 2021 (75 10)"]
[Site "Internet Chess Club"]
[Date "2020.09.26"]
[Round "2"]
[White "TyTy2000"]
[Black "joeandjoe28"]
[Result "1-0"]
[ICCResult "Black checkmated"]
[WhiteElo "1401"]
[BlackElo "1377"]
[Opening "Grünfeld: modern exchange variation"]
[ECO "D85"]
[NIC "GI.04"]
[Time "16:35:08"]
[TimeControl "4500+10"]

1. d4 Nf6 2. c4 g6 3. Nc3 d5 4. cxd5 Nxd5 5. e4 Nxc3 6. bxc3 Bg7 7. Nf3 c5
8. Rb1 O-O 9. Be2 Nc6 10. d5 Bxc3+ 11. Bd2 Bxd2+ 12. Qxd2 Nb8 13. h4 Nd7 14.
h5 Nf6 15. hxg6 fxg6 16. Qh6 Rf7 17. Ng5 Rg7 18. e5 Qa5+ 19. Kf1 Qxa2 20.
Re1 Nh5 21. Nxh7 Qxd5 22. Rd1 Rxh7 23. Qxg6+ Kh8 24. Rxd5 Ng3+ 25. fxg3
Rxh1+ 26. Kf2 Bf5 27. Qxf5 Kg7 28. Qg5+ Kf7 29. e6+ Kf8 30. Rf5+ Ke8 31.
Qg8# {Black checkmated} 1-0

[Event "ICC tourney 2021 (75 10)"]
[Site "Internet Chess Club"]
[Date "2020.09.26"]
[Round "2"]
[White "VirginiaGuy"]
[Black "MehPlayer"]
[Result "1-0"]
[ICCResult "Black resigns"]
[WhiteElo "1534"]
[BlackElo "1587"]
[Opening "Queen's pawn game, Rubinstein (Colle-Zukertort) variation"]
[ECO "D05"]
[NIC "QP.06"]
[Time "16:35:43"]
[TimeControl "4500+10"]

1. d4 Nf6 2. Nf3 e6 3. e3 d5 4. Bd3 c5 5. b3 Nc6 6. a3 b6 7. Nbd2 Bb7 8. O-O
Be7 9. Bb2 O-O 10. Ne5 Nd7 11. f4 f5 12. c4 Nf6 13. cxd5 exd5 14. Bxf5 Qd6
15. Rf3 Bc8 16. Bd3 Bg4 17. Nxg4 Nxg4 18. Rh3 Nf6 19. Nf3 h6 20. Ne5 Qc7 21.
Rc1 Rad8 22. g4 Nxe5 23. dxe5 Ne4 24. Bxe4 dxe4 25. Qc2 Rd3 26. g5 hxg5 27.
Qc4+ Rf7 28. Qxe4 {Black resigns} 1-0

[Event "ICC tourney 2021 (75 10)"]
[Site "Internet Chess Club"]
[Date "2020.09.26"]
[Round "2"]
[White "ChessG2011"]
[Black "aakashjr"]
[Result "1/2-1/2"]
[ICCResult "Game drawn by mutual agreement"]
[WhiteElo "1029"]
[BlackElo "1451"]
[Opening "Scandinavian defense"]
[ECO "B01"]
[NIC "SD.03"]
[Time "16:35:07"]
[TimeControl "4500+10"]

1. e4 d5 2. exd5 Nf6 3. Nf3 Nxd5 4. Bc4 Bf5 5. O-O Nc6 6. d3 e6 7. a3 Be7 8.
Bd2 Bg4 9. h3 Bh5 10. Bb5 O-O 11. Bxc6 bxc6 12. Nc3 Bd6 13. Qe2 Bf4 14. Nxd5
Bxd2 15. Nxc7 Qxc7 16. Qxd2 Bxf3 17. gxf3 Rab8 18. Rab1 Rb5 19. Kg2 Rd8 20.
Rg1 Rf5 21. Qe2 Rd4 22. Qe3 Rdf4 23. Kf1 Rxf3 24. Qd4 e5 25. Qc5 Rxf2+ 26.
Qxf2 Rxf2+ 27. Kxf2 Qb6+ 28. Ke2 Qd4 29. Rg4 Qd7 30. Rbg1 g6 31. h4 c5 32.
h5 Qb7 33. hxg6 fxg6 34. b3 Qd7 35. Rc4 Qd5 36. Ra4 Qd7 37. Rc4 Qc7 38. b4
e4 39. Rg2 exd3+ 40. cxd3 Qe5+ 41. Kd2 cxb4 42. Rxb4 Qa5 43. d4 Qxa3 44.
Rb8+ Kg7 45. Rb7+ Kf6 46. Rf2+ Ke6 47. Rxh7 Qb2+ 48. Ke3 Qc3+ 49. Ke4 Qc6+
50. Ke3 a5 51. Rd2 Qc3+ 52. Rd3 Qe1+ 53. Kf3 Qf1+ 54. Ke3 a4 55. Ra7 Qe1+
56. Kf3 Qf1+ 57. Ke3 Qe1+ 58. Kf3 Qf1+ {Game drawn by mutual agreement}
1/2-1/2

[Event "ICC tourney 2021 (75 10)"]
[Site "Internet Chess Club"]
[Date "2020.09.26"]
[Round "2"]
[White "mathewjiang"]
[Black "WizardY"]
[Result "0-1"]
[ICCResult "White resigns"]
[WhiteElo "1631"]
[BlackElo "1213"]
[Opening "King's Indian: orthodox variation"]
[ECO "E94"]
[NIC "KI.15"]
[Time "16:35:07"]
[TimeControl "4500+10"]

1. d4 Nf6 2. c4 g6 3. Nc3 Bg7 4. e4 d6 5. Nf3 O-O 6. Be2 e5 7. O-O exd4 8.
Nxd4 Nc6 9. Nxc6 bxc6 10. f3 Be6 11. Qc2 Rb8 12. b3 Nd7 13. Bb2 Bd4+ 14. Kh1
c5 15. Nb5 Bxb2 16. Qxb2 a6 17. Nc3 Nb6 18. Qc2 Qf6 19. Nd5 Nxd5 20. exd5
Bf5 21. Bd3 Bxd3 22. Qxd3 Rfe8 23. f4 Re7 24. Rad1 Rbe8 25. h3 Re3 26. Qd2
Re2 27. Qa5 Qb2 28. Rg1 R8e3 29. Kh2 Qf6 30. Rdf1 Qh4 {White resigns} 0-1

[Event "ICC tourney 2021 (75 10)"]
[Site "Internet Chess Club"]
[Date "2020.09.26"]
[Round "2"]
[White "cayo89"]
[Black "messyblaster"]
[Result "1-0"]
[ICCResult "Black resigns"]
[WhiteElo "1517"]
[BlackElo "1567"]
[Opening "Queen's pawn, Mason variation"]
[ECO "D00"]
[NIC "QP.08"]
[Time "16:35:35"]
[TimeControl "4500+10"]

1. d4 d5 2. Bf4 Nf6 3. e3 Nc6 4. c3 e6 5. Nf3 Bd6 6. Bg3 O-O 7. Nbd2 Re8 8.
Ne5 Bxe5 9. dxe5 Nd7 10. Nf3 a6 11. Bd3 f6 12. exf6 Nxf6 13. Ne5 Nxe5 14.
Bxe5 Rf8 15. O-O b6 16. Qc2 h6 17. Qe2 Bb7 18. Rad1 Qe7 19. f3 a5 20. Rfe1
Rac8 21. Bb1 Nd7 22. Bg3 Nc5 23. Qc2 Qf6 24. b4 axb4 25. cxb4 Na6 26. Rd4 e5
27. Qh7+ Kf7 28. Bh4 Qd6 29. Rg4 Rg8 30. Rg6 Qxb4 31. Rf6+ Ke7 32. Rf4+
{Black resigns}
1-0

[Event "ICC tourney 2021 (75 10)"]
[Site "Internet Chess Club"]
[Date "2020.09.26"]
[Round "2"]
[White "Cougar2020"]
[Black "GiganticCell"]
[Result "0-1"]
[ICCResult "White checkmated"]
[WhiteElo "1189"]
[BlackElo "1311"]
[Opening "Alekhine's defense: modern, Larsen variation"]
[ECO "B04"]
[NIC "AL.05"]
[Time "16:35:05"]
[TimeControl "4500+10"]

1. e4 Nf6 2. e5 Nd5 3. d4 d6 4. Nf3 dxe5 5. Nxe5 c6 6. c3 Nd7 7. Nf3 g6 8.
Bd3 Bg7 9. O-O O-O 10. Nbd2 Re8 11. Re1 e5 12. a3 b6 13. Qc2 Bb7 14. dxe5
Nxe5 15. Nxe5 Bxe5 16. Nf3 Bg7 17. Rxe8+ Qxe8 18. Bd2 Qd7 19. Rd1 Re8 20.
Bc1 Qc8 21. c4 Nf6 22. h3 c5 23. Be2 Qe6 24. Be3 Nh5 25. Re1 f5 26. Bd1 Qd6
27. Bd2 Rxe1+ 28. Bxe1 Nf4 29. Bd2 Be4 30. Qb3 Bxf3 31. Qxf3 Qxd2 32. Kh2
Qxb2 33. Qa8+ Bf8 34. Qf3 Qd4 35. g3 Nd3 36. Kg2 Ne1+ 37. Kf1 Nxf3 38. Bxf3
Qd3+ 39. Kg2 Qxc4 40. h4 Qd4 41. Kg1 c4 42. Kg2 c3 43. Kh3 c2 44. Bd5+ Qxd5
45. a4 c1=Q 46. a5 Qch1# {White checkmated} 0-1